Map: Acid Plant LE

Players

Swatopluke - Winner!

  • Race: Protoss Protoss
  • League: Platinum
  • Spawn Location: 5:00

pamplemousse

  • Race: Protoss Protoss
  • League: Diamond
  • Spawn Location: 11:00

VOD

Have the link to the VOD?

Description

Time

  • Played on: Nov. 12, 2018, 7:43 p.m.
  • Length: 8:48
Show
View Real Time Build Order
Export as new Build Order

Swatopluke Protoss - Winner!

Build Orders:  

Get SALT Encoding   

  12  0:01  Probe  
  13  0:13  Probe  
  14  0:17  Pylon  
  14  0:25  Probe  
  15  0:34  Probe  
  15  0:36  Gateway  
  16  0:43  Probe  
  17  0:52  Probe  
  17  0:53  Assimilator  
  18  1:10  Gateway  
  18  1:18  Assimilator  
  18  1:31  Cybernetics Core, Probe  
  18  1:32  Gateway  
  18  1:39  Zealot  
  21  1:52  Pylon, Probe  
  22  2:10  Adept  
  22  2:12  Adept  
  26  2:16  Warp Gate  
  26  2:19  Adept  
  28  2:41  Nexus  
  28  2:48  Adept  
  30  3:13  Adept  
  30  3:17  Pylon  
  30  3:22  Pylon, Probe  
  31  3:35  Adept, Stalker  
  31  3:36  Gateway  
  35  3:45  Shield Battery  
  35  3:57  Probe  
  36  4:08  Probe  
  36  4:09  Probe  
  38  4:10  Assimilator  
  38  4:11  Stargate  
  38  4:21  Shield Battery  
  38  4:42  Stalker x2  
  34  4:58  Zealot x2  
  38  5:03  Probe  
  38  5:04  Probe  
  38  5:08  Assimilator  
  38  5:12  Probe  
  40  5:14  Phoenix  
  40  5:16  Zealot x2  
  47  5:39  Stalker x2  
  47  5:40  Zealot x2  
  55  5:51  Phoenix  
  55  5:55  Probe x2  
  53  6:19  Stalker x3  
  49  6:35  Stalker  
  47  6:49  Stalker x2  
  47  6:53  Probe x2  
  53  7:04  Stalker  
  49  7:39  Stalker x3  
  49  7:40  Stalker  
  57  7:49  Probe x2  
  49  8:17  Stalker  
  49  8:18  Stalker x3  
Show
View Real Time Build Order
Export as new Build Order

pamplemousse Protoss 

Build Orders: Oracle Opening 

Get SALT Encoding   

  12  0:13  Pylon  
  12  0:21  Probe  
  13  0:33  Probe, Gateway  
  14  0:43  Probe  
  15  0:50  Assimilator  
  15  0:51  Probe  
  16  1:00  Probe  
  17  1:04  Assimilator  
  17  1:33  Gateway  
  17  1:50  Assimilator  
  17  1:56  Cybernetics Core  
  17  2:25  Pylon  
  17  2:32  Stalker  
  17  2:33  Stalker  
  21  2:48  Probe  
  22  3:00  Pylon, Probe  
  23  3:18  Probe  
  24  3:21  Stargate  
  24  3:30  Probe  
  25  3:40  Pylon  
  25  3:42  Probe  
  25  3:45  Nexus  
  26  3:51  Pylon  
  25  3:55  Oracle  
  28  4:10  Stalker  
  30  4:40  Pylon  
  30  4:56  Stalker  
  30  4:59  Void Ray  
  32  5:02  Probe  
  33  5:11  Shield Battery  
  37  5:14  Probe  
  37  5:18  Stalker  
  40  5:26  Probe  
  39  5:39  Probe x2, Oracle  
  41  5:49  Probe, Pylon  
  44  5:51  Probe  
  46  5:57  Probe  
  47  6:06  Probe  
  47  6:10  Stalker x2  
  32  6:51  Robotics Facility  
  32  6:52  Stalker  
  32  6:53  Gateway  
  34  6:55  Gateway  
  34  7:05  Shield Battery  
  34  7:08  Pylon  
  34  7:26  Shield Battery x2  
  34  7:28  Stalker  
  21  7:44  Pylon  
  21  7:49  Stalker  
Tags
 
Matchup
PvP
Replay Pack
Swatopluke
Spawn Locations
Cross Positions
Add a new tag
Caveats
  • Supply blocks, unpowered buildings, or Contaminate may cause inaccurate times.
  • Supply counts are checked every 10 seconds.